[ AOE2 MATCH · #505537883 ]
UnrankedBerbers vs Poles
Player's team · LOSS
Rival team · WIN
[ REPLAY ANALYSIS · EXTRACTED FROM THE RECORDED GAME ]
Feudal
11:24
Castle
15:49
Imperial
—
| APM avg | 62.6 |
| APM peak | 93 |
| eAPM avg | 20.9 |
| Villagers / military | 87 / 52 |
Focus
⚔️ 26.7% · 🌾 73.3%
Camel Archer ×38 · Mangonel ×7 · Scorpion ×4 · Battering Ram ×3
Feudal
11:16
Castle
28:09
Imperial
—
| APM avg | 82.0 |
| APM peak | 139 |
| eAPM avg | 38.3 |
| Villagers / military | 133 / 147 |
Focus
⚔️ 50.6% · 🌾 49.4%
Archer ×124 · Militia ×11 · Mangonel ×8 · Cavalry Archer ×3 · Spearman ×1
Match map
Initial resources + every placement click. Lines = walls · curves = elevation contours. ◆ gold · ⬟ stone · ● berries · ✦ relic · ◌ wall gap
Your base· Open — unwalled flank
2Darling's base· Open — unwalled flank
Smoothed initial terrain · ◌ = detected wall gap · hover for details
Inputs per minute
— Tom Tucker - - 2Darling
Build order — Tom Tucker
First 150 of 203 actions detected
| 0:00 | Create | Villager (Male) |
| 0:00 | Create | Villager (Male) |
| 0:02 | Build | House |
| 0:04 | Build | House |
| 0:09 | Create | Villager (Male) |
| 0:18 | Research | Loom |
| 0:34 | Create | Villager (Male) |
| 0:34 | Create | Villager (Male) |
| 1:36 | Create | Villager (Male) |
| 1:59 | Build | Palisade Wall |
| 2:11 | Build | Palisade Wall |
| 2:11 | Build | Palisade Wall |
| 2:12 | Build | Palisade Wall |
| 2:12 | Build | Palisade Wall |
| 2:13 | Build | Palisade Wall |
| 2:14 | Build | Palisade Wall |
| 2:15 | Build | Palisade Wall |
| 2:15 | Build | Palisade Wall |
| 2:16 | Build | Palisade Wall |
| 2:19 | Create | Villager (Male) |
| 2:39 | Build | Lumber Camp |
| 2:44 | Create | Villager (Male) |
| 3:20 | Create | Villager (Male) |
| 3:21 | Create | Villager (Male) |
| 4:00 | Build | House |
| 4:11 | Create | Villager (Male) |
| 4:11 | Create | Villager (Male) |
| 4:18 | Create | Villager (Male) |
| 4:42 | Create | Villager (Male) |
| 5:46 | Create | Villager (Male) |
| 5:59 | Create | Villager (Male) |
| 6:03 | Build | House |
| 6:33 | Create | Villager (Male) |
| 7:03 | Create | Villager (Male) |
| 7:05 | Build | Mill |
| 7:09 | Build | Mill |
| 7:34 | Create | Villager (Male) |
| 7:54 | Create | Villager (Male) |
| 8:07 | Build | Mining Camp |
| 8:23 | Create | Villager (Male) |
| 8:40 | Create | Villager (Male) |
| 9:02 | Research | Feudal Age |
| 10:47 | Create | Villager (Male) |
| 10:47 | Create | Villager (Male) |
| 10:56 | Build | House |
| 11:24 | Age | Feudal Age |
| 11:31 | Build | Market |
| 11:33 | Build | Blacksmith |
| 12:10 | Create | Villager (Male) |
| 12:26 | Create | Villager (Male) |
| 13:09 | Research | Castle Age |
| 14:15 | Research | Double-Bit Axe |
| 14:55 | Build | House |
| 14:56 | Build | Palisade Wall |
| 15:49 | Age | Castle Age |
| 16:02 | Build | House |
| 16:16 | Create | Villager (Male) |
| 16:17 | Create | Villager (Male) |
| 16:43 | Build | Castle |
| 17:10 | Create | Villager (Male) |
| 17:53 | Build | Mining Camp |
| 18:43 | Create | Camel Archer |
| 19:02 | Build | Palisade Gate |
| 19:12 | Create | Camel Archer |
| 19:17 | Build | Lumber Camp |
| 19:29 | Build | Farm |
| 19:30 | Build | Farm |
| 19:42 | Create | Camel Archer |
| 19:43 | Create | Villager (Male) |
| 20:08 | Create | Camel Archer |
| 20:21 | Build | Farm |
| 21:00 | Create | Camel Archer |
| 21:21 | Research | Fletching |
| 21:32 | Create | Camel Archer |
| 21:42 | Create | Villager (Male) |
| 22:07 | Create | Camel Archer |
| 22:07 | Create | Camel Archer |
| 22:21 | Create | Villager (Male) |
| 22:45 | Create | Camel Archer |
| 22:45 | Create | Villager (Male) |
| 22:55 | Build | Farm |
| 23:29 | Create | Villager (Male) |
| 23:33 | Build | Farm |
| 23:52 | Create | Camel Archer |
| 23:53 | Create | Camel Archer |
| 24:12 | Create | Camel Archer |
| 24:45 | Build | Siege Workshop |
| 24:48 | Create | Villager (Male) |
| 24:48 | Create | Villager (Male) |
| 25:21 | Create | Villager (Male) |
| 25:32 | Create | Scorpion |
| 25:37 | Create | Camel Archer |
| 25:46 | Create | Villager (Male) |
| 26:08 | Create | Scorpion |
| 26:11 | Create | Villager (Male) |
| 26:32 | Create | Camel Archer |
| 26:39 | Create | Battering Ram |
| 26:50 | Create | Villager (Male) |
| 26:55 | Research | Bodkin Arrow |
| 27:13 | Create | Battering Ram |
| 27:28 | Create | Villager (Male) |
| 27:57 | Create | Villager (Male) |
| 28:45 | Create | Villager (Male) |
| 29:25 | Create | Scorpion |
| 29:25 | Create | Scorpion |
| 29:26 | Create | Villager (Male) |
| 29:41 | Create | Camel Archer |
| 29:41 | Create | Camel Archer |
| 30:24 | Create | Battering Ram |
| 30:36 | Create | Villager (Male) |
| 30:54 | Create | Villager (Male) |
| 31:06 | Create | Villager (Male) |
| 31:22 | Create | Mangonel |
| 31:23 | Create | Villager (Male) |
| 31:25 | Create | Villager (Male) |
| 31:36 | Build | Farm |
| 31:37 | Build | Farm |
| 31:52 | Create | Camel Archer |
| 31:53 | Create | Villager (Male) |
| 31:54 | Create | Camel Archer |
| 32:16 | Create | Mangonel |
| 32:32 | Create | Camel Archer |
| 33:02 | Create | Villager (Male) |
| 33:36 | Build | Lumber Camp |
| 34:35 | Create | Camel Archer |
| 34:36 | Create | Villager (Male) |
| 34:36 | Create | Villager (Male) |
| 34:47 | Create | Villager (Male) |
| 34:51 | Build | Farm |
| 34:51 | Build | Farm |
| 34:52 | Build | Farm |
| 34:56 | Create | Camel Archer |
| 35:11 | Create | Camel Archer |
| 35:12 | Create | Villager (Male) |
| 35:32 | Create | Villager (Male) |
| 35:33 | Create | Camel Archer |
| 35:33 | Create | Camel Archer |
| 35:37 | Create | Mangonel |
| 35:42 | Build | House |
| 36:02 | Create | Villager (Male) |
| 36:11 | Create | Villager (Male) |
| 36:27 | Create | Villager (Male) |
| 36:30 | Create | Camel Archer |
| 36:31 | Create | Mangonel |
| 37:28 | Research | Bow Saw |
| 37:44 | Create | Villager (Male) |
| 37:56 | Create | Villager (Male) |
| 38:29 | Build | Stone Wall |
| 38:36 | Create | Camel Archer |
| 38:37 | Create | Villager (Male) |
Build order — 2Darling
First 150 of 406 actions detected
| 0:01 | Create | Villager (Male) |
| 0:01 | Create | Villager (Male) |
| 0:02 | Create | Villager (Male) |
| 0:02 | Create | Villager (Male) |
| 0:03 | Build | House |
| 0:04 | Build | House |
| 1:11 | Create | Villager (Male) |
| 1:12 | Create | Villager (Male) |
| 1:54 | Create | Villager (Male) |
| 1:54 | Create | Villager (Male) |
| 2:18 | Build | Lumber Camp |
| 2:26 | Create | Villager (Male) |
| 2:27 | Create | Villager (Male) |
| 2:51 | Create | Villager (Male) |
| 2:52 | Create | Villager (Male) |
| 3:02 | Build | House |
| 3:28 | Create | Villager (Male) |
| 3:28 | Create | Villager (Male) |
| 3:54 | Create | Villager (Male) |
| 3:55 | Create | Villager (Male) |
| 4:19 | Create | Villager (Male) |
| 4:19 | Create | Villager (Male) |
| 4:35 | Create | Villager (Male) |
| 4:40 | Build | Mill |
| 4:42 | Create | Villager (Male) |
| 4:42 | Create | Villager (Male) |
| 5:17 | Create | Villager (Male) |
| 5:33 | Create | Villager (Male) |
| 6:02 | Create | Villager (Male) |
| 6:02 | Create | Villager (Male) |
| 6:09 | Create | Villager (Male) |
| 6:29 | Research | Loom |
| 7:12 | Create | Villager (Male) |
| 7:16 | Create | Villager (Male) |
| 7:18 | Build | Barracks |
| 8:30 | Build | Mill |
| 8:41 | Build | Farm |
| 8:45 | Build | Farm |
| 9:06 | Research | Feudal Age |
| 9:06 | Research | Feudal Age |
| 9:26 | Create | Militia |
| 9:27 | Create | Militia |
| 9:37 | Create | Villager (Male) |
| 10:09 | Build | Mining Camp |
| 10:14 | Create | Militia |
| 10:16 | Create | Villager (Male) |
| 11:16 | Age | Feudal Age |
| 11:23 | Research | Man-at-Arms (upgrade) |
| 11:23 | Research | Man-at-Arms (upgrade) |
| 11:28 | Build | House |
| 11:30 | Create | Villager (Male) |
| 12:07 | Create | Villager (Male) |
| 12:07 | Create | Villager (Male) |
| 12:08 | Create | Villager (Male) |
| 12:29 | Create | Militia |
| 12:29 | Create | Militia |
| 12:29 | Create | Militia |
| 12:41 | Build | Farm |
| 12:42 | Create | Villager (Male) |
| 12:42 | Create | Villager (Male) |
| 12:54 | Build | House |
| 12:58 | Build | Farm |
| 12:58 | Create | Villager (Male) |
| 12:59 | Create | Villager (Male) |
| 13:12 | Create | Militia |
| 13:13 | Create | Militia |
| 13:17 | Build | Farm |
| 13:26 | Build | House |
| 13:31 | Build | Outpost |
| 13:35 | Build | Outpost |
| 13:36 | Create | Villager (Male) |
| 13:37 | Create | Villager (Male) |
| 13:39 | Build | Archery Range |
| 13:43 | Create | Villager (Male) |
| 13:43 | Create | Villager (Male) |
| 13:49 | Build | House |
| 14:05 | Create | Villager (Male) |
| 14:17 | Create | Spearman |
| 14:25 | Build | House |
| 14:55 | Create | Villager (Male) |
| 14:55 | Create | Villager (Male) |
| 14:56 | Create | Archer |
| 14:57 | Create | Archer |
| 14:58 | Build | House |
| 14:58 | Create | Villager (Male) |
| 14:58 | Create | Villager (Male) |
| 15:13 | Create | Militia |
| 15:14 | Create | Militia |
| 15:31 | Create | Militia |
| 15:37 | Build | Archery Range |
| 15:51 | Create | Villager (Male) |
| 15:53 | Create | Archer |
| 15:53 | Create | Archer |
| 16:00 | Build | Archery Range |
| 16:16 | Create | Villager (Male) |
| 16:17 | Create | Villager (Male) |
| 16:21 | Build | Farm |
| 16:21 | Build | Farm |
| 16:21 | Build | Farm |
| 16:45 | Create | Archer |
| 16:45 | Create | Archer |
| 16:52 | Build | Archery Range |
| 17:16 | Build | Archery Range |
| 17:20 | Create | Archer |
| 17:31 | Create | Villager (Male) |
| 17:32 | Create | Villager (Male) |
| 17:32 | Create | Villager (Male) |
| 17:32 | Create | Villager (Male) |
| 17:32 | Create | Villager (Male) |
| 17:36 | Build | Farm |
| 17:39 | Build | Farm |
| 17:40 | Create | Villager (Male) |
| 17:51 | Build | Blacksmith |
| 18:06 | Create | Villager (Male) |
| 18:07 | Build | Farm |
| 18:14 | Create | Archer |
| 18:14 | Create | Archer |
| 18:24 | Build | Watch Tower |
| 18:32 | Create | Archer |
| 18:32 | Create | Archer |
| 18:41 | Create | Villager (Male) |
| 18:42 | Build | Farm |
| 18:45 | Research | Double-Bit Axe |
| 18:45 | Research | Double-Bit Axe |
| 18:55 | Create | Archer |
| 18:55 | Create | Archer |
| 18:56 | Create | Villager (Male) |
| 19:09 | Create | Archer |
| 19:10 | Create | Villager (Male) |
| 19:12 | Build | Mining Camp |
| 19:26 | Create | Villager (Male) |
| 19:27 | Build | House |
| 19:30 | Research | Fletching |
| 19:31 | Research | Fletching |
| 19:37 | Build | Stone Wall |
| 19:38 | Build | Stone Wall |
| 19:39 | Create | Archer |
| 19:43 | Create | Villager (Male) |
| 19:44 | Create | Villager (Male) |
| 19:54 | Create | Villager (Male) |
| 19:56 | Build | House |
| 19:57 | Build | House |
| 20:06 | Build | Lumber Camp |
| 20:17 | Create | Villager (Male) |
| 20:21 | Build | Watch Tower |
| 20:26 | Create | Archer |
| 20:29 | Create | Archer |
| 20:46 | Create | Villager (Male) |
| 20:56 | Build | Farm |
| 20:57 | Build | Farm |
Match timeline
| 1:59 | Tom Tucker · wall_segment Palisade Wall x1 |
| 2:11 | Tom Tucker · wall_segment Palisade Wall x1 |
| 2:11 | Tom Tucker · wall_segment Palisade Wall x1 |
| 2:12 | Tom Tucker · wall_segment Palisade Wall x1 |
| 2:12 | Tom Tucker · wall_segment Palisade Wall x1 |
| 2:13 | Tom Tucker · wall_segment Palisade Wall x1 |
| 2:14 | Tom Tucker · wall_segment Palisade Wall x1 |
| 2:15 | Tom Tucker · wall_segment Palisade Wall x1 |
| 2:15 | Tom Tucker · wall_segment Palisade Wall x1 |
| 2:16 | Tom Tucker · wall_segment Palisade Wall x1 |
| 7:18 | 2Darling · first_building Barracks |
| 11:16 | 2Darling · age_up feudal |
| 11:24 | Tom Tucker · age_up feudal |
| 12:51 | Tom Tucker · first_market_sell 100 stone |
| 13:39 | 2Darling · first_building Archery Range |
| 14:56 | Tom Tucker · wall_segment Palisade Wall x1 |
| 15:49 | Tom Tucker · age_up castle |
| 16:34 | Tom Tucker · first_market_buy 100 stone |
| 16:43 | Tom Tucker · first_building Castle |
| 19:37 | 2Darling · wall_segment Stone Wall x1 |
| 19:38 | 2Darling · wall_segment Stone Wall x1 |
| 23:45 | 2Darling · wall_segment Palisade Wall x1 |
| 24:45 | Tom Tucker · first_building Siege Workshop |
| 25:24 | 2Darling · first_market_buy 100 food |
| 28:09 | 2Darling · age_up castle |
| 32:38 | 2Darling · first_building Siege Workshop |
| 38:29 | Tom Tucker · wall_segment Stone Wall x5 |
| 41:02 | 2Darling · first_market_sell 100 food |
| 44:50 | Tom Tucker · wall_segment Stone Wall x1 |
| 48:17 | 2Darling · first_building Castle |
| 49:00 | Tom Tucker · resign |
[ AI ANALYSIS · 1 CREDIT ]
What really happened in this match?
Wolo.gg analyzes every decision: build order, eco, micro, common mistakes by bracket. Personalized analysis on WhatsApp or Discord in 30 seconds.
Civ guide
Berbers
Perfil
Jugador #6252402